 Dungeon Crawl Stone Soup version 0.22-a0-246-gdc04c06 (webtiles) character file.

119 wolfsongas the Slicer (level 5, 0/40 HPs)
             Began as a Gnoll Wanderer on Feb 23, 2018.
             Slain by a hobgoblin
             ... wielding a +0 club
              (4 damage)
             ... on level 2 of the Dungeon.
             The game lasted 00:02:53 (2010 turns).

wolfsongas the Slicer (Gnoll Wanderer)              Turns: 2010, Time: 00:02:54

Health: 0/40       AC:  4    Str: 14    XL:     5   Next: 3%
Magic:  6/6        EV: 14    Int: 14    God:
Gold:   146        SH:  5    Dex: 16    Spells: 6/6 levels left

rFire    . . .     SeeInvis .   d - +0 dagger
rCold    . . .     Gourm    .   l - +0 buckler
rNeg     . . .     Faith    .   e - +0 leather armour
rPois    .         Spirit   .   (no helmet)
rElec    .         Reflect  .   (no cloak)
rCorr    .         Harm     .   h - +0 pair of gloves
MR       .....                  (no boots)
Stlth    ++........             (no amulet)
HPRegen  0.13/turn              (no ring)
MPRegen  0.10/turn              (no ring)

@: no status effects
A: distributed training, fangs 1, strong nose
a: no special abilities


You were on level 2 of the Dungeon.
You were hungry.

You visited 1 branch of the dungeon, and saw 2 of its levels.

You collected 146 gold pieces.

Inventory:

Hand Weapons
 d - a +0 dagger (weapon)
Armour
 a - a +1 shield
 e - a +0 leather armour (worn)
 h - a +0 pair of gloves (worn)
 l - a +0 buckler (worn)
Scrolls
 g - a scroll of teleportation
Potions
 i - a potion of ambrosia
Comestibles
 c - 4 chunks of flesh
 f - 8 rations


   Skills:
 + Level 2.8 Fighting
 + Level 8.6 Short Blades
 + Level 1.3 Long Blades
 + Level 1.3 Axes
 + Level 1.3 Maces & Flails
 + Level 1.3 Polearms
 + Level 1.3 Staves
 + Level 1.3 Slings
 + Level 1.3 Bows
 + Level 1.3 Crossbows
 + Level 1.3 Throwing
 + Level 1.3 Armour
 + Level 4.7 Dodging
 + Level 2.6 Stealth
 + Level 4.7 Shields
 + Level 1.3 Unarmed Combat
 + Level 1.3 Spellcasting
 + Level 1.0 Conjurations
 + Level 1.0 Hexes
 + Level 1.0 Charms
 + Level 1.0 Summonings
 + Level 1.0 Necromancy
 + Level 1.0 Translocations
 + Level 1.0 Transmutations
 + Level 1.0 Fire Magic
 + Level 1.0 Ice Magic
 + Level 1.0 Air Magic
 + Level 1.0 Earth Magic
 + Level 1.0 Poison Magic
 + Level 1.4 Invocations
 + Level 1.3 Evocations


You had 6 spell levels left.
You didn't know any spells.

Dungeon Overview and Level Annotations

Branches:
Dungeon (2/15)

Altars:
Sif Muna

Annotations:
D:2 Natasha


Innate Abilities, Weirdness & Mutations

Your experience applies equally to all skills.
You have very sharp teeth.
Your uncanny sense of smell can sniff out nearby items.


Message History

Natasha casts a spell at you. The magic dart hits you!
* * * LOW HITPOINT WARNING * * *
You hit Natasha but do no damage.
Natasha is lightly wounded.
The hobgoblin completely misses you.
You closely miss Natasha.
Natasha is lightly wounded.
Natasha barely misses you.
As you read the scroll labeled XOELLI OSHRAW, it crumbles to dust.
The creatures around you are filled with an inner flame!
It was a scroll of immolation.
The hobgoblin hits you with a club.
* * * LOW HITPOINT WARNING * * *
You block Natasha's attack.
Okay, then.
There is an open door here.
Natasha howls an incantation.
Natasha's front paws start to glow.
You hit the hobgoblin but do no damage. The hobgoblin hits you with a club.
You die...

#..........###########
##.#.# ##..........#
#.#.# ...##'#######
#..)# ...##.# ##..#
....#.# ###########
#..# ....#.#
#.........# #..#
....#.# #.#######.#
#..# # +##.#.# #.#
#.###..### .##.#.# #@#
#.....>... .##.#.#
##g##### #.........
(##.# #.h....#
#......... .##.#
#......# #÷........
.##.#∆ #......#
#......... ....#
#....[.# #..#.#.##.
.#### #......#
##.._..##. .# #......#
###!#.##. .# #......#
#...##.


You could see Natasha (inner flame) and a hobgoblin (inner flame).

Vanquished Creatures
  Natasha (twice) (D:2)
  3 adders (D:2)
  An ooze (D:1)
  2 dart slugs
  5 leopard geckos
  2 giant cockroaches
  6 goblins
  4 hobgoblins (D:2)
  3 bats
  A frilled lizard (D:1)
  A kobold (D:1)
30 creatures vanquished.

Notes
Turn   | Place    | Note
-------+----------+-------------------------------------------
     0 | D:1      | wolfsongas the Gnoll Wanderer began the quest for the Orb.
     0 | D:1      | wolfsongas set off with: a +0 shield, 2 potions of curing, a +0 robe, a +0 dagger, a ration
     0 | D:1      | Reached XP level 1. HP: 17/17 MP: 1/1
   145 | D:1      | Reached XP level 2. HP: 3/23 MP: 2/2
  1281 | D:2      | Reached XP level 3. HP: 28/28 MP: 3/3
  1395 | D:2      | Reached skill level 1 in Invocations
  1404 | D:2      | Reached skill level 1 in Long Blades
  1404 | D:2      | Reached skill level 1 in Axes
  1404 | D:2      | Reached skill level 1 in Maces & Flails
  1404 | D:2      | Reached skill level 1 in Polearms
  1404 | D:2      | Reached skill level 1 in Staves
  1404 | D:2      | Reached skill level 1 in Slings
  1404 | D:2      | Reached skill level 1 in Bows
  1404 | D:2      | Reached skill level 1 in Crossbows
  1404 | D:2      | Reached skill level 1 in Throwing
  1404 | D:2      | Reached skill level 1 in Armour
  1404 | D:2      | Reached skill level 1 in Unarmed Combat
  1404 | D:2      | Reached skill level 1 in Spellcasting
  1404 | D:2      | Reached skill level 1 in Evocations
  1463 | D:2      | Reached XP level 4. HP: 31/34 MP: 5/5
  1751 | D:2      | Noticed Natasha
  1753 | D:2      | Killed Natasha
  1788 | D:2      | Found a deep blue altar of Sif Muna.
  1790 | D:2      | Noticed Natasha
  1826 | D:2      | Killed Natasha
  1826 | D:2      | Reached skill level 1 in Conjurations
  1826 | D:2      | Reached skill level 1 in Hexes
  1826 | D:2      | Reached skill level 1 in Charms
  1826 | D:2      | Reached skill level 1 in Summonings
  1826 | D:2      | Reached skill level 1 in Necromancy
  1826 | D:2      | Reached skill level 1 in Translocations
  1826 | D:2      | Reached skill level 1 in Transmutations
  1826 | D:2      | Reached skill level 1 in Fire Magic
  1826 | D:2      | Reached skill level 1 in Ice Magic
  1826 | D:2      | Reached skill level 1 in Air Magic
  1826 | D:2      | Reached skill level 1 in Earth Magic
  1826 | D:2      | Reached skill level 1 in Poison Magic
  1826 | D:2      | Reached XP level 5. HP: 26/40 MP: 6/6
  1966 | D:2      | Noticed Natasha
  2010 | D:2      | Slain by a hobgoblin

Vault maps used:
D:1:      lightli_arrival_isolated_outpost
D:2:      lemuel_crystal_altar, first_ration, uniq_natasha

Skill      XL: |  1  2  3  4 |
---------------+-------------+-----
Invocations    | 1 |  1.4
Long Blades    | 1 |  1.3
Axes           | 1 |  1.3
Maces & Flails | 1 |  1.3
Polearms       | 1 |  1.3
Staves         | 1 |  1.3
Slings         | 1 |  1.3
Bows           | 1 |  1.3
Crossbows      | 1 |  1.3
Throwing       | 1 |  1.3
Armour         | 1 |  1.3
Unarmed Combat | 1 |  1.3
Spellcasting   | 1 |  1.3
Evocations     | 1 |  1.3
Conjurations   | 1 |  1.0
Hexes          | 1 |  1.0
Charms         | 1 |  1.0
Summonings     | 1 |  1.0
Necromancy     | 1 |  1.0
Translocations | 1 |  1.0
Transmutations | 1 |  1.0
Fire Magic     | 1 |  1.0
Ice Magic      | 1 |  1.0
Air Magic      | 1 |  1.0
Earth Magic    | 1 |  1.0
Poison Magic   | 1 |  1.0
Fighting       | |  2.8
Short Blades   | |  8.6
Dodging        | |  4.7
Stealth        | |  2.6
Shields        | |  4.7

Action                   |  1- 3 |  4- 6 || total
-------------------------+-------+-------++-------
Melee: Dagger            |   117 |    84 ||   201
       Bite              |    12 |    12 ||    24
  Use: Scroll            |     4 |     1 ||     5
       Potion            |     4 |     5 ||     9
 Stab: Sleeping          |     2 |     2 ||     4
  Eat: Chunk             |     2 |     1 ||     3
Armor: Robe              |     4 |       ||     4
       Leather armour    |     6 |     7 ||    13
Dodge: Dodged            |    38 |    39 ||    77
Block: Shield            |    45 |     5 ||    50
       Buckler           |       |    12 ||    12

Table legend:
 A = Spawn XP
 B = Non-spawn XP
 C = Spawn XP percentage of total XP
 D = Spawn monster count
 E = Non-spawn monster count
 F = Spawn count percentage of total count
 G = Total turns spent on level
                    A         B        C        D         E        F      G
               +---------+---------+-------+---------+---------+-------+---------
         Total |       0 |     170 |   0.0 |       0 |      30 |   0.0 |  2010
               +---------+---------+-------+---------+---------+-------+---------
           D:1 |       0 |      26 |   0.0 |       0 |      11 |   0.0 |  1280
           D:2 |       0 |     144 |   0.0 |       0 |      19 |   0.0 |   730
               +---------+---------+-------+---------+---------+-------+---------
